 Dungeon Crawl Stone Soup version 0.28.0-53-g5a82cb258f (webtiles) character file.

Game seed: 7741021244909946808

20240 MiltankisOP the Thrower (level 12, -1/122 HPs)
             Began as a Troll Hunter on June 19, 2022.
             Was the Champion of Okawaru.
             Slain by a six-headed hydra (2 damage)
             ... on level 5 of the Lair of Beasts.
             The game lasted 01:12:44 (14203 turns).

MiltankisOP the Thrower (Troll Hunter)             Turns: 14203, Time: 01:12:46

Health: -1/122     AC:  4    Str: 27    XL:     12   Next: 43%
Magic:  13/14      EV: 14    Int:  7    God:    Okawaru [******]
Gold:   981        SH:  0    Dex: 10    Spells: 11/11 levels left

rFire   + . .      SeeInvis .     - Unarmed
rCold   + . .      Faith    .   (no shield)
rNeg    . . .      Spirit   .   b - +0 robe
rPois   .          Reflect  .   c - +0 hat {Will+}
rElec   .          Harm     .   H - scarf {rC+ rF+}
rCorr   +          Rampage  .   (gloves unavailable)
Will    +....                   (boots unavailable)
Stlth   +++.......              V - amulet of regeneration
HPRegen 1.90/turn               v - ring of resist corrosion
MPRegen 0.14/turn               (no ring)

@: heroic
A: large, unfitting armour, claws 3, regeneration 1, shaggy fur 1, tough skin 1
a: Renounce Religion, Heroism, Finesse, Duel


You were on level 5 of the Lair of Beasts.
You worshipped Okawaru.
Okawaru was exalted by your worship.
You visited 3 branches of the dungeon, and saw 17 of its levels.
You also visited: Ossuary.

You collected 1036 gold pieces.
You spent 55 gold pieces at shops.

Inventory:

Hand Weapons
 a - a +0 short sword
 G - the +10 trident of Astib {antimagic, rElec rC+ rN+ Dex-3}
   (You found it on level 6 of the Dungeon)

   It reduces the magical energy of the wielder, and disrupts the spells and
   magical abilities of those it strikes.
   Natural abilities and divine invocations are not affected.
   Dex:       It affects your dexterity (-3).
   rC:        It protects you from cold.
   rElec:     It insulates you from electricity.
   rN:        It protects you from negative energy.
 R - the +9 rapier "Evaass" {pain, rC+++ Int-5 Dex+7}
   (You found it on level 9 of the Dungeon)

   In the hands of one skilled in necromantic magic, it inflicts extra damage on
   living creatures.
   Int:       It affects your intelligence (-5).
   Dex:       It affects your dexterity (+7).
   rC:        It renders you almost immune to cold.
 W - the +10 mace of the Orcish Mines {holy, Fly Will+}
   (You found it on level 2 of the Lair of Beasts)

   It has been blessed by the Shining One to cause great damage to the undead
   and demons.
   Fly:       It grants you flight.
   Will:      It increases your willpower.
Missiles
 e - 4 poisoned darts (quivered)
 i - 3 atropa-tipped darts
 X - 2 curare-tipped darts
Armour
 b - a +0 robe (worn)
 c - a +0 hat of willpower (worn)
 p - a +0 cloak
 H - a scarf of resistance (worn)
Jewellery
 h - a ring of poison resistance
 v - a ring of resist corrosion (left claw)
 w - an amulet of guardian spirit
 I - an amulet of reflection
 Q - an amulet of magic regeneration
 T - an amulet of faith
 V - an amulet of regeneration (around neck)
Wands
 m - a wand of polymorph (9)
 n - a wand of iceblast (9)
 q - a wand of charming (8)
 y - a wand of acid (2)
 F - a wand of paralysis (13)
 N - a wand of mindburst (14)
Scrolls
 d - a scroll of noise {unknown}
 f - 2 scrolls of amnesia {unknown}
 j - 3 scrolls of teleportation
 o - 4 scrolls of fear {unknown}
 r - 6 scrolls of fog {unknown}
 s - a scroll of summoning {unknown}
 x - 2 scrolls of silence {unknown}
 A - 3 scrolls of enchant armour
 D - 3 scrolls of enchant weapon
 K - a scroll of torment {unknown}
 M - a scroll of magic mapping {unknown}
 S - 2 scrolls of vulnerability {unknown}
 U - 4 scrolls of blinking
Potions
 g - 2 potions of flight
 k - 3 potions of curing
 l - 5 potions of attraction
 t - a potion of might
 z - 4 potions of mutation
 B - 2 potions of ambrosia
 C - a potion of lignification
 E - 2 potions of degeneration
 J - a potion of brilliance
 L - a potion of cancellation
 O - a potion of magic


   Skills:
 + Level 8.5(13.5) Fighting
 - Level 10.5(15.5) Throwing
 - Level 10.0(15.0) Dodging
 - Level 0.3(5.3) Stealth
 - Level 8.0(13.0) Unarmed Combat
 - Level 5.0 Invocations


You had 11 spell levels left.
You didn't know any spells.
Your spell library contained the following spells:

 Spells                   Type           Power      Damage    Failure   Level
 Sublimation of Blood     Necr           0%         N/A       56%         2
 Conjure Flame            Conj/Fire      0%         6-21      80%         3
 Ignite Poison            Fire/Tmut/Pois 0%         N/A       80%         3
 Fulminant Prism          Conj/Hex       0%         3d6       99%         4
 Iskenderun's Mystic Bla  Conj/Tloc      0%         2d3       99%         4
 Petrify                  Tmut/Erth      0%         N/A       99%         4
 Sticky Flame             Conj/Fire      0%         2d3       99%         4
 Alistair's Intoxication  Tmut/Pois      0%         N/A       100%        5
 Blade Hands              Tmut           0%         N/A       100%        5
 Borgnjor's Vile Clutch   Necr/Erth      0%         N/A       100%        5
 Freezing Cloud           Conj/Ice/Air   0%         6-21      100%        5
 Irradiate                Conj/Tmut      0%         3d13      100%        5
 Lee's Rapid Deconstruct  Erth           0%         3d5*      100%        5
 Eringya's Noxious Bog    Tmut/Pois      0%         N/A       100%        6
 Iron Shot                Conj/Erth      0%         9d1       100%        6
 Polar Vortex             Ice            0%         N/A       100%        9
 Animate Armour           Summ/Erth      Unusable   N/A       N/A         4
 Summon Ice Beast         Ice/Summ       Unusable   N/A       N/A         4
 Simulacrum               Ice/Necr       Unusable   N/A       N/A         6
 Summon Cactus Giant      Summ           Unusable   N/A       N/A         6
 Dragon's Call            Summ           Unusable   N/A       N/A         9

Dungeon Overview and Level Annotations

Branches:
Dungeon (11/15)            Temple (1/1) D:6            Lair (5/6) D:10
  Swamp (0/4) Lair:2        Snake (0/4) Lair:3      Ossuary (visited)
  Slime: Lair:5-6       Orc: D:9-12

Altars:
Ashenzari
Cheibriados
Dithmenos
Elyvilon
Fedhas
Gozag
Hepliaklqana
Kikubaaqudgha
Makhleb
Nemelex Xobeh
Okawaru
Qazlal
Ru
Sif Muna
Trog
Uskayaw
Vehumet
Wu Jian
Xom
Yredelemnul
Zin
The Shining One

Shops:
D:3 ((*[?   D:9 *

Annotations:
D:4 3 runed translucent doors, thriggle's ghost, novice BaIE
D:6 3 runed translucent doors, MiltankisOP's ghost, amateur DrTm
D:10 1 runed translucent door, Zeld's ghost, journeyman OgFE
Lair:2 3 runed translucent doors, buhh's ghost, journeyman OpTm


Innate Abilities, Weirdness & Mutations

You are too large for most types of armour.
You have claws for hands.
Your natural rate of healing is unusually fast.
You are covered in fur. (AC +1)
You have tough skin. (AC +1)


Message History

The six-headed hydra bites you!
* * * LOW HITPOINT WARNING * * *
The six-headed hydra bites you.
* * * LOW HITPOINT WARNING * * *
A death yak comes into view.
Aiming: Corrosive Bolt
Press: ? - help, Q - select action, (/) - cycle Shift-Dir - straight line, f - death yak, p - six-headed hydra
Aim: a death yak (lightly wounded, 90% to hit)
The bolt of acid hits the six-headed hydra!
The acid corrodes the six-headed hydra!
The six-headed hydra is almost dead.
The bolt of acid misses the death yak.
The bolt of acid hits the death yak!
The acid corrodes the death yak!
The death yak is lightly wounded.
The six-headed hydra bites you!
* * * LOW HITPOINT WARNING * * *
The six-headed hydra bites you but does no damage.
The six-headed hydra misses you.
The six-headed hydra closely misses you.
The six-headed hydra barely misses you. The six-headed hydra bites you.
* * * LOW HITPOINT WARNING * * *
Aiming: Corrosive Bolt
Press: ? - help, Q - select action, (/) - cycle Shift-Dir - straight line, f - death yak, p - death yak
Aim: a death yak (90% to hit)
The bolt of acid hits the six-headed hydra!
The six-headed hydra seems to be corroded for longer.
The six-headed hydra is almost dead.
The bolt of acid hits the death yak!
The death yak is heavily wounded.
The bolt of acid hits the death yak!
The death yak seems to be corroded for longer.
The death yak is moderately wounded.
The bolt of acid hits the death yak.
The acid corrodes the death yak!
The death yak is lightly wounded.
The six-headed hydra completely misses you.
The six-headed hydra bites you!
* * * LOW HITPOINT WARNING * * *
The six-headed hydra misses you. The six-headed hydra barely misses you.
The six-headed hydra bites you.
You die...

#...( ..... #.S.D
..YY ###.Y#
#..Y.###
#.D....###
########@.........
#....##P........).
#PP..#..........<.
##................
#....#....<.......
##...#............
##...............
##.....#........
##...#.......^#


You could see 4 death yaks, an eight-headed hydra, a six-headed hydra (corroded)
and a black mamba.

Vanquished Creatures
  3 hydras
  3 death yaks
  2 two-headed ogres
  Urug (D:10)
  A bog body (Lair:2)
  An oklob plant (D:10)
  A manticore (D:9)
  A black mamba (Lair:4)
  Joseph (D:8)
  4 cane toads
  4 komodo dragons
  4 polar bears (Lair:3)
  5 blink frogs (Lair:4)
  Sigmund (D:2)
  A shadow (D:10)
  2 wyverns
  3 wraiths
  Grum (D:8)
  3 basilisks
  A steam dragon (D:9)
  3 vampire mosquitoes (D:10)
  3 nagas (Lair:3)
  An acid dragon (D:10)
  10 water moccasins
  An ice beast (D:6)
  4 orc warriors
  2 sky beasts
  6 black bears (Lair:3)
  A necrophage (D:7)
  9 wolves
  An ogre (D:4)
  2 centaurs
  A phantom (D:5)
  4 kobold brigands
  7 bullfrogs
  A scorpion (D:7)
  2 gnoll sergeants (D:7)
  A wyvern skeleton (D:3)
  9 killer bees (D:9)
  9 wights
  A howler monkey (D:9)
  An electric eel (D:8)
  A bullfrog zombie (D:7)
  A hound (D:5)
  3 orc priests
  Crazy Yiuf (D:3)
  2 centaur skeletons (D:7)
  2 centaur zombies
  A jelly (D:6)
  A bullfrog skeleton (D:4)
  4 iguanas
  Ijyb (D:5)
  Natasha (thrice) (D:2)
  13 orc wizards
  Robin (D:4)
  7 gnolls
  7 adders
  A howler monkey skeleton (D:7)
  2 shadow imps
  An ufetubus (D:6)
  An adder skeleton (D:4)
  A worm (D:3)
  4 dart slugs
  49 orcs
  6 ball pythons
  6 bats
  6 endoplasms
  3 giant cockroaches
  11 goblins
  15 hobgoblins
  4 quokkas
  A ball python skeleton (Ossuary)
  2 frilled lizards
  A hobgoblin zombie (Ossuary)
  28 kobolds
  2 kobold zombies (Ossuary)
  An orc skeleton (Ossuary)
  2 orc zombies (Ossuary)
  A quokka zombie (D:6)
  5 rats
  A rat zombie (D:6)
324 creatures vanquished.

Vanquished Creatures (others)
  An orc wizard (D:5)
  A kobold (D:9)
  8 fungi
  23 plants
33 creatures vanquished.

Grand Total: 357 creatures vanquished

Notes
Turn   | Place    | Note
-------+----------+-------------------------------------------
     0 | D:1      | MiltankisOP the Troll Hunter began the quest for the Orb.
     0 | D:1      | Reached XP level 1. HP: 19/19 MP: 0/0
    21 | D:1      | Reached skill level 1 in Unarmed Combat
    82 | D:1      | Reached XP level 2. HP: 27/27 MP: 1/1
   447 | D:1      | Found a faded altar of an unknown god.
   459 | D:1      | Reached XP level 3. HP: 33/33 MP: 2/2
   724 | D:2      | Noticed Sigmund
   728 | D:2      | Killed Sigmund
   729 | D:2      | Reached skill level 5 in Unarmed Combat
   729 | D:2      | Reached XP level 4. HP: 42/42 MP: 3/3
   729 | D:2      | Reached XP level 5. HP: 49/49 MP: 4/4
   782 | D:2      | Noticed Natasha
   788 | D:2      | Killed Natasha
   992 | D:2      | Reached XP level 6. HP: 61/61 MP: 5/5
  1113 | D:2      | Noticed Natasha
  1119 | D:2      | Killed Natasha
  1252 | D:2      | Noticed Natasha
  1265 | D:2      | Killed Natasha
  1428 | D:3      | Found Jasu's Armour Emporium.
  1428 | D:3      | Found Rethoal's Magic Scroll Shop.
  1439 | D:3      | Bought a scroll of teleportation for 33 gold pieces
  1439 | D:3      | Bought a scroll of identify for 22 gold pieces
  1558 | D:3      | Found a burning altar of Makhleb.
  1576 | D:3      | Found Usso Bivoem's Weapon Shop.
  1601 | D:3      | Found Laneug's Weapon Emporium.
  1635 | D:3      | Found a runed translucent door.
  1636 | D:3      | Noticed Crazy Yiuf
  1685 | D:3      | Found Ylusewog's Assorted Antiques.
  1747 | D:3      | Killed Crazy Yiuf
  1870 | D:4      | Reached XP level 7. HP: 69/71 MP: 6/6
  1877 | D:4      | Found a bloodstained altar of Trog.
  2066 | D:4      | Found a runed translucent gate.
  2067 | D:4      | Found a runed translucent gate.
  2068 | D:4      | Found a runed translucent gate.
  2068 | D:4      | Noticed thriggle's ghost (novice BaIE)
  2099 | D:4      | Got the Catalogue of the Entourage
  2199 | D:4      | Reached skill level 5 in Fighting
  2250 | D:4      | Found an opulent altar of Gozag.
  2569 | D:4      | Noticed Robin
  2577 | D:4      | Killed Robin
  2757 | D:5      | Entered Level 5 of the Dungeon
  2946 | D:5      | Found a white marble altar of Elyvilon.
  2947 | D:5      | Noticed Ijyb
  2955 | D:5      | Killed Ijyb
  3367 | D:5      | Reached XP level 8. HP: 71/80 MP: 5/7
  3469 | D:5      | Reached skill level 5 in Dodging
  3627 | D:6      | Found a sand-covered staircase.
  3643 | Ossuary  | Entered an ossuary
  3688 | Ossuary  | Reached skill level 5 in Throwing
  3747 | Ossuary  | Noticed a flying skull
  3780 | Ossuary  | Noticed a flying skull
  3854 | Ossuary  | Noticed a flying skull
  4087 | D:6      | Identified the +10 trident of Astib {antimagic, rElec rC+
                  | rN+ Dex-3}
  4095 | D:6      | Found a blossoming altar of Fedhas.
  4166 | D:6      | Reached XP level 9. HP: 75/88 MP: 6/8
  4248 | D:6      | Found a runed translucent gate.
  4248 | D:6      | Found a runed translucent gate.
  4248 | D:6      | Found a runed translucent gate.
  4276 | D:6      | Found a staircase to the Ecumenical Temple.
  4332 | Temple   | Entered the Ecumenical Temple
  4396 | Temple   | Became a worshipper of Warmaster Okawaru
  4482 | D:6      | Noticed MiltankisOP's ghost (amateur DrTm)
  4553 | D:6      | Found a sacrificial altar of Ru.
  5129 | D:7      | Reached * piety under Okawaru
  6061 | D:8      | Noticed Joseph
  6081 | D:8      | Noticed Grum
  6333 | D:8      | Killed Grum
  6336 | D:8      | HP: 3/88 [wolf[Grum] (3)]
  6359 | D:8      | Reached skill level 10 in Throwing
  6470 | D:8      | Killed Joseph
  6470 | D:8      | Reached ** piety under Okawaru
  6696 | D:8      | Reached XP level 10. HP: 96/96 MP: 9/9
  7256 | D:9      | You fall into a shaft and drop 2 floors!
  7369 | D:11     | Noticed a centaur warrior
  7374 | D:10     | Entered Level 10 of the Dungeon
  7640 | D:9      | Found an ornate altar of the Wu Jian Council.
  7824 | D:9      | Found Ceywkaf's Assorted Antiques.
  7839 | D:9      | Reached *** piety under Okawaru
  8089 | D:9      | Identified the +9 rapier "Evaass" {pain, rC+++ Int-5 Dex+7}
  8129 | D:9      | HP: 4/96 [poisoned by a killer bee]
  8270 | D:9      | Noticed a manticore
  8283 | D:9      | Killed a manticore
  8407 | D:9      | Reached skill level 1 in Invocations
  8434 | D:9      | Noticed a two-headed ogre
  8439 | D:9      | Killed a two-headed ogre
  8601 | D:10     | Noticed Urug
  8784 | D:10     | Noticed a two-headed ogre
  8798 | D:10     | Killed a two-headed ogre
  8798 | D:10     | Reached **** piety under Okawaru
  8799 | D:10     | Reached skill level 5 in Invocations
  9029 | D:10     | Killed Urug
  9063 | D:10     | Reached XP level 11. HP: 90/102 MP: 13/13
  9218 | D:10     | Noticed Zeld's ghost (journeyman OgFE)
  9219 | D:10     | Found a runed translucent door.
  9334 | D:10     | Found a staircase to the Lair.
  9334 | D:10     | Noticed an oklob plant
  9348 | D:10     | Killed an oklob plant
  9348 | D:10     | Reached ***** piety under Okawaru
 10043 | Lair:1   | Entered Level 1 of the Lair of Beasts
 10556 | Lair:2   | Noticed a minotaur
 10557 | Lair:2   | Noticed an eight-headed hydra
 10557 | Lair:2   | Noticed buhh's ghost (journeyman OpTm)
 10651 | Lair:2   | Found a staircase to the Swamp.
 10651 | Lair:2   | Noticed a bog body
 10657 | Lair:2   | Killed a bog body
 10718 | Lair:2   | Found a runed translucent gate.
 10719 | Lair:2   | Found a runed translucent gate.
 10744 | Lair:2   | Found a runed translucent gate.
 11221 | Lair:2   | Identified the +10 mace of the Orcish Mines {holy, Fly
                  | Will+}
 11547 | Lair:3   | Noticed a five-headed hydra
 11554 | Lair:3   | Killed a five-headed hydra
 11586 | Lair:3   | Noticed a death yak
 11587 | Lair:3   | Noticed a death yak
 11590 | Lair:3   | Noticed a death yak
 11682 | Lair:2   | Killed a death yak
 11682 | Lair:2   | Identified the +5 quarterstaff of Attozev {flame, rN+
                  | Str+4} (Okawaru gifted it to you on level 2 of the Lair of
                  | Beasts)
 11682 | Lair:2   | Received a gift from Okawaru
 11845 | Lair:2   | Killed a death yak
 12234 | Lair:3   | Found a staircase to the Snake Pit.
 12277 | Lair:3   | Reached skill level 10 in Dodging
 12755 | Lair:3   | Killed a death yak
 12920 | Lair:4   | Noticed a seven-headed hydra
 13081 | Lair:4   | Reached XP level 12. HP: 47/113 MP: 14/14
 13127 | Lair:4   | Found a blossoming altar of Fedhas.
 13143 | Lair:4   | Noticed a five-headed hydra
 13149 | Lair:4   | Killed a five-headed hydra
 13155 | Lair:4   | Reached ****** piety under Okawaru
 13176 | Lair:4   | Killed a seven-headed hydra
 13176 | Lair:4   | Received a gift from Okawaru
 14191 | Lair:5   | Noticed a six-headed hydra
 14196 | Lair:5   | Noticed a death yak
 14197 | Lair:5   | Noticed a death yak
 14199 | Lair:5   | Noticed an eight-headed hydra
 14199 | Lair:5   | Noticed a death yak
 14201 | Lair:5   | Noticed a death yak
 14203 | Lair:5   | HP: 1/122 [six-headed hydra (15)]
 14203 | Lair:5   | Slain by a six-headed hydra

Illustrated notes

Levels and vault maps discovered:
D:1:      minmay_arrival_semitransparent, layout_loops_ring,
          ebering_ecumenical_altar_sacrificial
D:2:      layout_loops_ring, uniq_natasha, uniq_sigmund
D:3:      layout_rooms, mainiacjoe_overflow_cross_hatched, serial_shops, shop,
          shop, nicolae_shop_bloodbath_and_beyond, shop_fountains, shop,
          uniq_crazy_yiuf_cottage
D:4:      layout_basic, mainiacjoe_overflow_six_doors_small,
          nicolae_gozag_cash_rules_everything_around_me, gammafunk_ghost_split,
          minmay_misc_feat_rugged, kennysheep_path_1, uniq_robin
D:5:      layout_rooms, lemuel_doored_altar, chequers_serial_rivers_room_b,
          serial_bayou_pond_e, uniq_ijyb
D:6:      layout_basic, mainiacjoe_overflow_alcove_1, marbit_many_paths,
          minmay_temple_entry_drinking_statues, gammafunk_ghost_icy,
          enter_ossuary_4, kennysheep_small_circle
D:7:      layout_basic, nicolae_grassy_gnolls
D:8:      layout_basic, uniq_joseph, uniq_grum
D:9:      layout_gridville, mainiacjoe_overflow_paths, kennysheep_windowed_goal
D:10:     layout_basic, dpeg_oklobed_lair, hellmonk_ghost_happy_afterlife,
          hangedman_decor_slide_cut, uniq_urug
D:11:     layout_roguey, orc_0_dummy
Temple:   regret_index_temple_waves
Lair:1:   layout_hall_layers, minivault_27, serial_bayou_crossing
Lair:2:   layout_regular_city, skrybe_swamp_entry_bodies,
          maelrawn_ghost_gauntlet_escape
Lair:3:   beast_lair_carwin_large_3, layout_cave_pods,
          minmay_snake_entry_guardpost_small, infiniplex_staircase_pool
Lair:4:   layout_long_grid, basic_altar, chequers_serial_rivers_micro_a,
          grunt_megastairs_5
Lair:5:   layout_cave_pods, nicolae_slime_entry_slimehenge, ice2_lemuel

Skill      XL: |  1  2  3  4  5  6  7  8  9 10 11 12 |
---------------+-------------------------------------+-----
Unarmed Combat | 1 2 5 8 |  8.0
Fighting       | 2 3 4 5 8 |  8.5
Dodging        | 4 5 6 10 | 10.0
Throwing       | 7 10 | 10.5
Invocations    | 5 |  5.0
Stealth        | |  0.3

Action                   |  1- 3 |  4- 6 |  7- 9 | 10-12 || total
-------------------------+-------+-------+-------+-------++-------
Melee: Unarmed           |    58 |   127 |   434 |   390 ||  1009
       Punch             |     1 |     2 |    14 |    17 ||    34
       Mace              |       |       |       |     2 ||     2
Throw: Large rock        |     2 |       |    21 |    29 ||    52
       Throwing net      |       |       |     2 |     1 ||     3
       Dart              |       |       |       |    63 ||    63
       Javelin           |       |       |       |    22 ||    22
       Boomerang         |       |       |       |    77 ||    77
Invok: Heroism           |       |       |       |     5 ||     5
Evoke: Wand              |       |       |     2 |    12 ||    14
  Use: Scroll            |       |     3 |    12 |     7 ||    22
       Potion            |       |       |     4 |     2 ||     6
 Stab: Sleeping          |     1 |     2 |     1 |       ||     4
Armor: Robe              |    17 |    36 |    98 |    70 ||   221
       Skin              |       |       |       |    10 ||    10
Dodge: Dodged            |    19 |    46 |   212 |   274 ||   551
Block: Other             |       |       |    26 |    64 ||    90
       Reflection        |       |       |     5 |     5 ||    10
